cohdb
Replays
Latest Replays
All Replays
Popular Replays
Top Player Replays
Match Explorer
How It Works
Community
CoH3 Stats
Reddit
Sign in to upload your games and track your stats! →
Sign in with Steam
Match 39905909
Unlisted
Match 39905909
Overview
Messages
Build Orders
End
Construct Section Command Post
Vickers Machine Gun Team
Selects Canadian Shock Battlegroup
Infantry Section
Infantry Section
Infantry Section
Selects Incendiary Munitions
Grenade Package
Infantry Section
㉿ | Mad_Korean
我的臭脚随莱闻
Cuttysark
dkdkabc
KuruKuru
Rensesus
Moltke1871
Diter Rams
0
0
Comments
sign in to comment!
No comments posted yet!